 Dungeon Crawl Stone Soup version 0.23-a0-558-g30802b1 (webtiles) character file.

66 KernelPanic the Chopper (level 3, -4/33 HPs)
             Began as a Minotaur Chaos Knight on Dec 12, 2018.
             Was a Plaything of Xom.
             Slain by Crazy Yiuf
             ... wielding a +3 quarterstaff of chaos
              (6 damage)
             ... on level 2 of the Dungeon.
             The game lasted 00:05:54 (1184 turns).

KernelPanic the Chopper (Minotaur Chaos Knight)     Turns: 1184, Time: 00:05:54

Health: -4/33      AC:  6    Str: 15 (17) XL:     3   Next: 96%
Magic:  2/2        EV: 10    Int:  8 (9)  God:    Xom [..*...]
Gold:   93         SH:  0    Dex:  8 (9)  Spells: 2/2 levels left

rFire    . . .     SeeInvis .   a - +1 hand axe (chaos)
rCold    . . .     Gourm    .   (no shield)
rNeg     . . .     Faith    .   g - +0 scale mail
rPois    .         Spirit   .   (helmet restricted)
rElec    .         Reflect  .   (no cloak)
rCorr    .         Harm     .   (no gloves)
MR       .....                  (no boots)
Stlth    +.........             e - amulet of magic regeneration
HPRegen  0.11/turn              d - ring of stealth
MPRegen  0.33/turn              (no ring)

@: no status effects
A: retaliatory headbutt, horns 2
a: Renounce Religion


You were on level 2 of the Dungeon.
You worshipped Xom.
You were a toy of Xom.
You were hungry.

You visited 1 branch of the dungeon, and saw 2 of its levels.

You collected 93 gold pieces.

Inventory:

Hand Weapons
 a - a +1 hand axe of chaos (weapon)
Armour
 b - a +2 leather armour
 g - a +0 scale mail (worn)
Jewellery
 d - a ring of stealth (left hand)
 e - an amulet of magic regeneration (around neck)
Scrolls
 f - 2 scrolls of blinking {unknown}
 i - a scroll of amnesia
 j - a scroll of identify {unknown}
 k - a scroll of remove curse
Potions
 h - 3 potions of heal wounds {unknown}
 l - 2 potions of curing {unknown}
 m - a potion of brilliance {unknown}
Comestibles
 c - 5 rations


   Skills:
 + Level 4.2 Fighting
 + Level 4.3 Axes
 + Level 3.3 Armour
 + Level 2.2 Dodging


You had 2 spell levels left.
You didn't know any spells.
Your spell library was empty.

Dungeon Overview and Level Annotations

Branches:
Dungeon (2/15)

Altars:
Fedhas
Hepliaklqana
Kikubaaqudgha
Qazlal
Trog
Wu Jian
The Shining One

Annotations:
D:2 Crazy Yiuf


Innate Abilities, Weirdness & Mutations

You reflexively headbutt those who attack you in melee.
You have a pair of horns on your head.


Message History

f - 2 scrolls labeled YGULAG IHAKE You see here a long sword.
You open the door.
There is an open door here.
Found a runed door.
As you open the door, it creaks loudly!
Crazy Yiuf the Enlightened comes into view.
He is wielding a +3 quarterstaff of Crazy Yiuf shouts!
Found a mace.
There is an open door here.
You hit Crazy Yiuf but do no damage.
Crazy Yiuf flickers and vanishes!
Deactivating autopickup; reactivate with Ctrl-A.
Something hits you. Something burns you.
You hit something but do no damage. Something hits you!
You hit something. Something hits you!
* * * LOW HITPOINT WARNING * * *
Something burns you.
* * * LOW HITPOINT WARNING * * *
You slash something! Your headbutt misses something. Something hits you.
You die...

...
#....#
###.#..(
..
♣....♣
#...
♣...♣♣
#...
♣♣.♣♣
#...
♣.♣♣
#...
♣♣.♣
#...
♣.♣♣
#...
♣♣.♣
#... #@#
#...
#.{.#
#...
#...#
#...
#..)#
###
#####
#_. ###
# #


There were no monsters in sight!

Vanquished Creatures
  2 adders (D:2)
  A worm (D:2)
  5 dart slugs
  A leopard gecko (D:2)
  A ball python (D:1)
  A bat (D:1)
  2 giant cockroaches
  5 goblins
  5 hobgoblins
  4 kobolds
  2 frilled lizards (D:1)
  6 rats
35 creatures vanquished.

Notes
Turn   | Place    | Note
-------+----------+-------------------------------------------
     0 | D:1      | KernelPanic the Minotaur Chaos Knight began the quest for
                  | the Orb.
     0 | D:1      | Reached XP level 1. HP: 19/19 MP: 0/0
   190 | D:1      | Reached XP level 2. HP: 27/27 MP: 1/1
   540 | D:1      | Reached XP level 3. HP: 33/33 MP: 2/2
   662 | D:2      | Found a bloodstained altar of Trog.
   681 | D:2      | XOM: divination: detect creatures
   857 | D:2      | Found a hazy altar of Hepliaklqana.
   859 | D:2      | Found an ancient bone altar of Kikubaaqudgha.
   860 | D:2      | Found a stormy altar of Qazlal.
   870 | D:2      | Found a glowing golden altar of the Shining One.
   872 | D:2      | Found an ornate altar of the Wu Jian Council.
   985 | D:2      | Found a blossoming altar of Fedhas.
  1175 | D:2      | Found a runed door.
  1179 | D:2      | Noticed Crazy Yiuf
  1184 | D:2      | Slain by Crazy Yiuf

Vault maps used:
D:1:      dpeg_arrival_round_c, minmay_stone_trees_small
D:2:      lightli_temple_of_fire, minmay_overflow_temple_star_hex,
          fedhas_altar_4, uniq_crazy_yiuf_cottage

Skill      XL: |  1  2  3 |
---------------+----------+-----
Axes           | 4 |  4.3
Fighting       | 4 |  4.2
Armour         | 3 |  3.3
Dodging        | 2 |  2.2

Action                   || total
-------------------------++-------
Melee: Hand axe          ||    80
       Headbutt          ||     7
  Use: Scroll            ||     4
       Potion            ||     2
 Stab: Paralysed         ||     1
Armor: Leather armour    ||     3
       Scale mail        ||    19
Dodge: Dodged            ||    37

Table legend:
 A = Non-vault XP
 B = Vault XP
 C = Vault XP percentage of total XP
 D = Non-vault monster count
 E = Vault monster count
 F = Vault count percentage of total count
                 A         B        C        D         E       F
            +---------+---------+-------+---------+---------+-------
      Total |      95 |       0 |   0.0 |      35 |       0 |   0.0
            +---------+---------+-------+---------+---------+-------
        D:1 |      43 |       0 |   0.0 |      21 |       0 |   0.0
        D:2 |      52 |       0 |   0.0 |      14 |       0 |   0.0
            +---------+---------+-------+---------+---------+-------
